Map: Carnage sur Korhal EC

Players

Zeriou - Winner!

  • Race: Terran Terran
  • League: Gold
  • Spawn Location: 9:00

zidar

  • Race: Zerg Zerg
  • League: Silver
  • Spawn Location: 3:00

VOD

Have the link to the VOD?

Description

Time

  • Played on: May 11, 2016, 2:36 p.m.
  • Length: 12:34
Show
View Real Time Build Order
Export as new Build Order

Zeriou Terran - Winner!

Build Orders: Command Center First (CC) 

Get SALT Encoding   

  12  0:01  SCV  
  13  0:13  SCV  
  14  0:22  Supply Depot  
  14  0:25  SCV  
  15  0:43  SCV  
  16  0:55  SCV  
  17  1:02  Command Center  
  17  1:07  SCV  
  18  1:15  Barracks  
  18  1:20  SCV  
  19  1:33  Barracks  
  19  1:40  SCV  
  19  1:45  Supply Depot  
  20  1:55  SCV  
  20  2:01  Refinery  
  21  2:03  Refinery  
  21  2:08  Marine  
  22  2:10  Orbital Command  
  22  2:21  Orbital Command  
  22  2:24  Marine  
  23  2:38  Bunker  
  23  2:39  Marine  
  23  2:42  SCV  
  25  2:54  SCV  
  25  2:57  Marine  
  27  3:02  Marine  
  28  3:09  SCV x2  
  30  3:15  Marine, Supply Depot  
  31  3:23  Factory, SCV x2  
  31  3:26  Marine  
  34  3:33  Marine  
  35  3:35  SCV x2  
  37  3:46  Engineering Bay  
  37  3:53  SCV x2, Supply Depot  
  39  4:02  Marine  
  39  4:03  Marine, Bunker  
  39  4:09  Barracks  
  41  4:17  Bunker  
  41  4:18  SCV x2  
  41  4:22  Marine x2  
  40  4:46  Marine x2  
  37  4:59  SCV x2  
  40  5:04  Marine  
  40  5:06  Starport, Terran Infantry Weapons Level 1  
  43  5:08  Barracks Tech Lab  
  43  5:09  Widow Mine  
  42  5:16  Barracks Reactor  
  42  5:21  SCV x2  
  44  5:33  Command Center  
  44  5:40  Marine, SCV x2  
  44  5:41  Marauder  
  49  5:46  Bunker  
  49  5:52  Bunker  
  49  5:56  Marine  
  50  5:57  Marine  
  50  5:58  Marine  
  50  6:02  Marine  
  55  6:07  Widow Mine  
  55  6:11  Medivac  
  55  6:14  Marine  
  55  6:15  Marine  
  59  6:20  Marauder  
  61  6:29  SCV  
  62  6:33  Supply Depot  
  62  6:45  Marauder, SCV x2  
  66  6:57  SCV x2  
  66  7:00  Planetary Fortress  
  68  7:09  SCV x2  
  68  7:10  Missile Turret  
  68  7:13  Missile Turret  
  68  7:14  Marine x2  
  68  7:15  Marine, Marauder  
  75  7:36  Marauder  
  77  7:41  SCV x3  
  80  7:59  Liberator, SCV x3  
  80  8:01  Factory Tech Lab  
  83  8:11  Factory  
  83  8:14  Factory x2  
  83  8:17  SCV x3  
  89  8:30  SCV x3  
  92  8:34  Refinery  
  92  8:41  Refinery  
  92  8:48  Missile Turret  
  92  8:51  Refinery, Missile Turret  
  92  8:53  Refinery, Missile Turret  
  92  9:18  Supply Depot  
  92  9:22  Liberator  
  92  9:24  Supply Depot  
  92  9:32  Marine  
  92  9:36  Factory Tech Lab x3  
  93  9:40  Marauder, Siege Tank  
  101  9:45  Marine  
  102  9:59  Barracks Tech Lab  
  102  10:01  Marauder, Siege Tank  
  107  10:09  Supply Depot  
  107  10:10  Supply Depot x2  
  107  10:11  Supply Depot  
  107  10:13  Marine  
  107  10:14  Marine  
  108  10:17  Armory, Stimpack  
  108  10:18  Armory, Combat Shield  
  109  10:30  SCV x2, Siege Tank x2, Terran Infantry Armor Level 1  
  109  10:31  Marine, Marauder, SCV  
  109  10:32  Marine  
  122  10:52  Marauder  
  122  11:03  Marauder  
  127  11:05  Thor x2  
  127  11:09  Hellbat x2  
  134  11:14  Marauder  
  136  11:24  Marauder  
  138  11:31  Hellbat x2  
  142  11:42  Supply Depot  
  142  11:48  Hellbat  
  141  12:12  Supply Depot  
Show
View Real Time Build Order
Export as new Build Order

zidar Zerg 

Build Orders: Pool First 

Get SALT Encoding   

  12  0:02  Drone  
  13  0:12  Overlord  
  13  0:17  Drone  
  14  0:30  Drone x2  
  16  0:37  Drone  
  17  0:46  Spawning Pool  
  16  0:50  Drone  
  17  1:16  Hatchery  
  17  1:17  Drone  
  17  1:20  Extractor  
  16  1:27  Drone x2  
  18  1:39  Queen  
  20  1:47  Overlord  
  20  1:51  Drone  
  21  1:58  Drone  
  22  2:08  Drone  
  22  2:14  Roach Warren  
  22  2:22  Queen  
  24  2:40  Extractor  
  24  2:42  Drone x5  
  27  3:08  Roach x4  
  35  3:13  Overlord  
  35  3:16  Overlord  
  35  3:36  Roach x4  
  35  3:38  Ravager  
  35  3:40  Ravager  
  45  3:57  Lair  
  45  4:15  Evolution Chamber  
  44  4:20  Evolution Chamber  
  28  4:58  Roach x12  
  49  5:09  Zerg Ground Armor Level 1  
  49  5:24  Ravager  
  50  5:49  Overlord x4  
  50  5:58  Zerg Melee Weapons Level 1  
  50  6:03  Infestation Pit  
  49  6:08  Extractor, Drone x5  
  53  6:21  Drone x3  
  54  6:48  Extractor, Drone  
  54  6:49  Drone x8  
  62  7:16  Overseer  
  62  7:27  Drone x2  
  62  7:28  Drone x3  
  65  7:55  Hive  
  65  7:56  Zerg Ground Armor Level 2  
  65  7:57  Zerg Melee Weapons Level 2  
  65  8:01  Zergling x20  
  75  8:16  Hatchery  
  74  8:22  Metabolic Boost  
  74  8:39  Queen  
  76  8:57  Overlord  
  76  8:58  Overlord x4  
  76  8:59  Overlord  
  76  10:01  Hatchery  
  75  10:08  Ultralisk Cavern  
  64  11:02  Chitinous Plating  
  58  11:06  Ultralisk x3  
  58  11:07  Ultralisk  
  82  11:14  Ravager  
  83  11:19  Ravager  
  84  11:39  Ultralisk  
  96  11:40  Ultralisk  
Tags
 
Add a new tag
Caveats
  • Supply blocks, unpowered buildings, or Contaminate may cause inaccurate times.
  • Supply counts are checked every 10 seconds.